 Dungeon Crawl Stone Soup version 0.25.0-9-g26727b657a (webtiles) character file.

Game seed: 17087762027357094892

62497 funkygono the Basher (level 15, -11/92 HPs)
             Began as a Gargoyle Fighter on June 15, 2020.
             Was a High Priest of Okawaru.
             Mangled by an orc knight
             ... wielding a +1 long sword of protection
              (18 damage)
             ... on level 2 of the Orcish Mines on June 17, 2020.
             The game lasted 01:32:13 (24288 turns).

funkygono the Basher (Gargoyle Fighter)            Turns: 24288, Time: 01:32:14

Health: -11/92     AC: 28    Str: 23      XL:     15   Next: 6%
Magic:  13/26      EV: 15    Int: 26      God:    Okawaru [*****.]
Gold:   3258       SH: 10    Dex:  9 (11) Spells: 14/28 levels left

rFire    . . .     SeeInvis .   W - +7 mace "Wuynim" {pain, rElec rPois rC+}
rCold    + . .     Gourm    .   k - +3 buckler "Dusit" {rElec rN+ Int+4 Dex+2}
rNeg     + + .     Faith    .   p - +4 scale mail of Rotten Tender Moments {+Inv Regen+ Int+4}
rPois    ∞         Spirit   .   J - +1 helmet
rElec    +         Reflect  .   (no cloak)
rCorr    +         Harm     .   F - +0 pair of gloves
MR       +....                  U - +1 pair of boots
Stlth    +++.......             (no amulet)
HPRegen  0.65/turn              l - ring of resist corrosion
MPRegen  0.20/turn              S - +6 ring of intelligence

@: mighty, heroism, finesse
A: big wings, deformed body, deterioration 1, negative energy resistance 1,
electricity resistance, unbreathing, petrification resistance, rot immunity,
MP-powered wands, AC +11
a: Fly, Heroism, Finesse, Renounce Religion, Evoke Invisibility


You were on level 2 of the Orcish Mines.
You worshipped Okawaru.
Okawaru was extremely pleased with you.
You were not hungry.

You visited 4 branches of the dungeon, and saw 21 of its levels.

You collected 3328 gold pieces.
You spent 70 gold pieces at shops.

Inventory:

Hand Weapons
 M - a +4 eveningstar of holy wrath
 Q - a +1 morningstar of protection
 W - the +7 mace "Wuynim" (weapon) {pain, rElec rPois rC+}
   (You found it on level 6 of the Lair of Beasts)

   In the hands of one skilled in necromantic magic, it inflicts extra damage on
   living creatures.
   It protects you from cold.
   It insulates you from electricity.
   It protects you from poison.
Armour
 k - the +3 buckler "Dusit" (worn) {rElec rN+ Int+4 Dex+2}
   (You found it on level 3 of the Lair of Beasts)

   It affects your intelligence (+4).
   It affects your dexterity (+2).
   It insulates you from electricity.
   It protects you from negative energy.
 p - the +4 scale mail of Rotten Tender Moments (worn) {+Inv Regen+ Int+4}
   (Okawaru gifted it to you on level 2 of the Orcish Mines)

   It affects your intelligence (+4).
   It lets you turn invisible.
   It increases your rate of regeneration.
 C - +0 acid dragon scales
 F - a +0 pair of gloves (worn)
 J - a +1 helmet (worn)
 U - a +1 pair of boots (worn)
Magical Staves
 i - an uncursed staff of wizardry
Jewellery
 l - a ring of resist corrosion (left hand)
 s - an uncursed ring of protection from fire
 z - an uncursed ring of protection from cold
 S - a +6 ring of intelligence (right hand)
Wands
 a - a wand of random effects (35)
 c - a wand of paralysis (17)
 m - a wand of flame (51)
 K - a wand of acid (6)
 L - a wand of digging (1)
Scrolls
 b - 2 scrolls of fog
 g - 12 scrolls of remove curse
 h - 4 scrolls of teleportation
 u - a scroll of magic mapping
 A - 2 scrolls of fear
 D - 4 scrolls of amnesia
 N - 6 scrolls of identify
Potions
 d - a potion of might
 e - 5 potions of haste
 j - a potion of stabbing
 n - a potion of magic
 q - 3 potions of heal wounds
 r - 4 potions of ambrosia
 t - 13 potions of curing
 v - 5 potions of lignification
 w - a potion of cancellation
 G - 4 potions of brilliance
 V - a potion of resistance
Miscellaneous
 P - a phantom mirror
 R - 2 boxes of beasts
 Y - a lightning rod (4/4)
Comestibles
 f - 33 rations
 o - a chunk of flesh


   Skills:
 + Level 10.1(15.1) Fighting
 + Level 14.1(19.1) Maces & Flails
 + Level 8.5(13.5) Armour
 + Level 6.6(11.6) Dodging
 + Level 4.5(9.5) Stealth
 + Level 11.4(16.4) Shields
 + Level 7.3 Spellcasting
 + Level 7.6 Conjurations
 + Level 5.6 Fire Magic
 + Level 5.1 Invocations
 + Level 3.8 Evocations


You had 14 spell levels left.
You knew the following spells:

 Your Spells              Type           Power        Failure   Level  Hunger
a - Magic Dart            Conj           ####         1%          1    None
b - Searing Ray           Conj           #####.       1%          2    None
c - Foxfire               Conj/Fire      ####         1%          1    None
d - Fireball              Conj/Fire      #####.....   22%         5    #####..
e - Bolt of Magma         Conj/Fire/Erth ####......   47%         5    #####..

Your spell library contained the following spells:

 Spells                   Type           Power        Failure   Level  Hunger
 Conjure Flame            Conj/Fire      #####...     2%          3    None
 Dazzling Flash           Conj/Hex       ####..       8%          3    None
 Sticky Flame             Conj/Fire      #####...     8%          4    ##.....
 Animate Skeleton         Necr           N/A          12%         1    None
 Apportation              Tloc           #.....       12%         1    None
 Corona                   Hex            #......      12%         1    None
 Summon Small Mammal      Summ           #...         12%         1    None
 Inner Flame              Hex/Fire       ###.....     12%         3    None
 Ignite Poison            Fire/Tmut/Pois ###.....     17%         3    None
 Slow                     Hex            #.......     19%         2    None
 Fulminant Prism          Conj/Hex       ####......   26%         4    ##.....
 Iskenderun's Mystic Bla  Conj/Tloc      ####....     26%         4    ##.....
 Confusing Touch          Hex            #.......     34%         3    None
 Gell's Gravitas          Tloc           #.........   34%         3    None
 Portal Projectile        Hex/Tloc       #.....       34%         3    None
 Irradiate                Conj/Tmut      ####......   56%         5    #####..
 Iskenderun's Battlesphe  Conj/Chrm      ####....     56%         5    #####..
 Cause Fear               Hex            #.........   75%         4    ##.....
 Leda's Liquefaction      Hex/Erth       #.........   75%         4    ##.....
 Petrify                  Tmut/Erth      #.......     75%         4    ##.....
 Alistair's Intoxication  Tmut/Pois      #.......     97%         5    #####..
 Metabolic Englaciation   Hex/Ice        #.........   97%         5    #####..
 Yara's Violent Unravell  Hex/Tmut       #.........   97%         5    #####..
 Iron Shot                Conj/Erth      ####......   98%         6    ######.
 Orb of Destruction       Conj           #####.....   99%         7    #######
 Eringya's Noxious Bog    Tmut/Pois      #.........   100%        6    ######.
 Spellforged Servitor     Conj/Summ      ####......   100%        7    #######
 Sublimation of Blood     Necr           Unusable     N/A         2    N/A

Dungeon Overview and Level Annotations

Branches:
Dungeon (12/15)            Temple (1/1) D:5            Lair (6/6) D:8
 Shoals (0/4) Lair:2       Spider (0/4) Lair:3        Slime (0/5) Lair:5
    Orc (2/2) D:11
    Elf: Orc:2

Altars:
Ashenzari
Cheibriados
Dithmenos
Elyvilon
Fedhas
Gozag
Hepliaklqana
Kikubaaqudgha
Makhleb
Nemelex Xobeh
Okawaru
Qazlal
Ru
Sif Muna
Trog
Uskayaw
Vehumet
Wu Jian
Xom
Yredelemnul
Zin
The Shining One
Jiyva

Shops:
D:5 (   D:8 !   D:11 (


Innate Abilities, Weirdness & Mutations

You are resistant to torment.
Your stone body is resilient. (AC +11)
You are immune to poison.
Your large and strong wings let you fly indefinitely.
You resist negative energy. (rN+)
You are resistant to electric shocks. (rElec)
You can survive without breathing.
You are immune to petrification.
You are immune to rotting.
Armour fits poorly on your strangely shaped body.
Your body sometimes deteriorates upon taking damage.
You expend magic power (3 MP) to strengthen your wands.


Message History

You feel much better.
The orc no longer looks unusually strong.
You block the orc warrior's attack.
The orc knight roars a battlecry!
The orc goes into a battle-frenzy!
Okay, then.
You can now deal lightning-fast blows.
The orc sorcerer no longer looks unusually strong.
The orc knight no longer looks unusually strong.
The orc priest no longer looks unusually strong.
The orc knight roars a battlecry!
The orcs go into a battle-frenzy!
The orc warrior hits you with a +0 battleaxe!
The orc warrior hits you from afar with a +2 halberd of protection!!
* * * LOW HITPOINT WARNING * * *
Your body deteriorates!
You feel clumsy.
You thump the orc warrior!
The orc warrior is severely wounded.
The orc knight hits you with a +1 long sword of protection!!
You die...

...$ #......).###
....###......)#
#.............####
.............#.#.##
............#.....#
..................#
#......).........##
..........o..oo...#
.............o#@.##
...........oooo###
..#.........oo.o.##
............ooo...#
...........o..o..##
.................#
..............#
....).......$.#
.............##


You could see an orc warlord (strong), 3 orc knights, an orc high priest
(strong), 6 orc warriors, an orc priest (strong), an orc wizard (fast, strong)
and an orc (strong).

Vanquished Creatures
  4 hydras
  Erolcha (Orc:2)
  A centaur warrior (D:12)
  A catoblepas (Lair:5)
  6 two-headed ogres
  An ogre mage (D:12)
  2 death yaks (Lair:2)
  An orc high priest (Orc:2)
  3 unseen horrors
  Pikel (D:4)
  An orc knight (Orc:2)
  2 ugly things (D:12)
  A manticore (D:12)
  A cyclops (D:12)
  An orc sorcerer (Orc:2)
  6 oklob plants (Lair:4)
  5 elephants (Lair:6)
  5 black mambas
  The ghost of Kono the Chopper, a novice FoAK of Lugonu (D:4)
  A centaur zombie (D:12)
  A torpor snail (Lair:2)
  Maggie (D:8)
  15 spiny frogs
  A freezing wraith (D:12)
  6 rime drakes
  9 komodo dragons
  8 polar bears
  A snapping turtle (Lair:2)
  6 hornets (Lair:6)
  12 dream sheep (Lair:6)
  10 blink frogs
  11 hippogriffs
  13 spriggans (Lair:6)
  7 wyverns
  2 shadows (D:12)
  37 yaks
  A human (D:7)
  3 basilisks
  4 hogs (D:7)
  A steam dragon (D:9)
  A warg (Orc:1)
  10 water moccasins
  An acid dragon (D:8)
  10 porcupines
  2 ice beasts (D:8)
  A floating eye (Lair:4)
  6 orc warriors
  2 sky beasts
  2 black bears (Lair:6)
  2 necrophages
  10 ogres
  19 wolves
  8 boggarts (Lair:6)
  7 centaurs
  12 crocodiles
  A big kobold (D:9)
  19 bullfrogs
  A gnoll sergeant (D:9)
  A wyvern zombie (D:8)
  2 wyvern skeletons
  4 scorpions
  4 wights (D:11)
  14 killer bees
  4 howler monkeys
  4 crimson imps
  A bullfrog zombie (D:10)
  4 jellies
  6 hounds
  An orc priest (D:7)
  2 bullfrog skeletons
  3 centaur skeletons
  10 orc wizards
  2 iguanas
  6 worker ants
  3 hound skeletons
  A worker ant zombie (D:5)
  9 gnolls
  16 adders
  A shadow imp (D:12)
  An ooze (D:2)
  2 adder skeletons
  An adder zombie (D:7)
  A worm (D:2)
  3 dart slugs
  6 leopard geckos
  34 orcs
  4 giant cockroaches
  2 goblins
  3 hobgoblins (D:2)
  6 jackals
  2 quokkas
  A ball python (D:4)
  8 bats
  3 frilled lizards
  A jackal zombie (D:8)
  10 kobolds
  5 rats
  3 plants (D:11)
502 creatures vanquished.

Vanquished Creatures (others)
  An ogre (D:4)
  A howler monkey (D:4)
  An orc (D:4)
  A giant cockroach (D:4)
  510 foxfires
  17 fungi
  4 plants
535 creatures vanquished.

Grand Total: 1037 creatures vanquished

Notes
Turn   | Place    | Note
-------+----------+-------------------------------------------
     0 | D:1      | funkygono the Gargoyle Fighter began the quest for the Orb.
     0 | D:1      | Reached XP level 1. HP: 14/14 MP: 1/1
   248 | D:1      | You fall into a shaft and drop 1 floor!
   270 | D:2      | Reached XP level 2. HP: 18/19 MP: 2/2
   864 | D:2      | Reached XP level 3. HP: 18/23 MP: 3/3
  1680 | D:2      | Found a white marble altar of Elyvilon.
  1680 | D:2      | Found a glowing golden altar of the Shining One.
  1681 | D:2      | Found a sparkling altar of Nemelex Xobeh.
  1727 | D:2      | Reached XP level 4. HP: 28/28 MP: 4/4
  2500 | D:3      | Reached XP level 5. HP: 33/33 MP: 5/5
  2748 | D:4      | Noticed a slave
  2749 | D:4      | Noticed Pikel
  2750 | D:4      | Noticed a slave
  2760 | D:4      | Noticed a slave
  2762 | D:4      | Noticed a slave
  2772 | D:4      | Killed Pikel
  2772 | D:4      | Reached skill level 4 in Maces & Flails
  2772 | D:4      | Reached skill level 1 in Dodging
  2772 | D:4      | Reached skill level 5 in Shields
  2772 | D:4      | Reached skill level 1 in Evocations
  2772 | D:4      | Reached XP level 6. HP: 2/39 MP: 6/6
  2772 | D:4      | Reached XP level 7. HP: 3/44 MP: 7/7
  3262 | D:4      | Found a runed translucent door.
  3265 | D:4      | Noticed Kono's ghost (novice FoAK)
  3538 | D:5      | Entered Level 5 of the Dungeon
  3540 | D:5      | Found Dazio's Antique Weapon Shoppe.
  3712 | D:5      | Found a radiant altar of Vehumet.
  3778 | D:5      | Found a staircase to the Ecumenical Temple.
  3819 | Temple   | Entered the Ecumenical Temple
  3982 | Temple   | Became a worshipper of Warmaster Okawaru
  4151 | D:5      | Reached skill level 5 in Maces & Flails
  4151 | D:5      | Reached skill level 5 in Armour
  4151 | D:5      | Reached skill level 1 in Stealth
  4151 | D:5      | Reached XP level 8. HP: 19/48 MP: 9/9
  4555 | D:5      | Found a sacrificial altar of Ru.
  4611 | D:6      | Found an iron altar of Okawaru.
  5050 | D:6      | Reached * piety under Okawaru
  5553 | D:6      | Reached skill level 6 in Maces & Flails
  5866 | D:7      | Learned a level 1 spell: Magic Dart
  6039 | D:7      | Reached XP level 9. HP: 47/53 MP: 6/10
  6153 | D:7      | Reached skill level 5 in Fighting
  6186 | D:7      | Reached ** piety under Okawaru
  6186 | D:7      | Reached skill level 1 in Spellcasting
  6461 | D:7      | Reached skill level 1 in Conjurations
  6461 | D:7      | Reached skill level 1 in Invocations
  6469 | D:7      | Reached skill level 7 in Maces & Flails
  7245 | D:4      | Killed Kono's ghost
  7245 | D:4      | Reached XP level 10. HP: 59/59 MP: 13/13
  7383 | D:8      | Reached *** piety under Okawaru
  7624 | D:8      | Reached skill level 8 in Maces & Flails
  7758 | D:8      | Noticed Maggie
  7787 | D:8      | Killed Maggie
  7809 | D:8      | Learned a level 2 spell: Searing Ray
  8430 | D:8      | Found a staircase to the Lair.
  8630 | D:8      | Found Otannuez's Distillery.
  8659 | D:8      | Reached **** piety under Okawaru
  8672 | D:8      | Bought a potion of heal wounds for 70 gold pieces
  8857 | Lair:1   | Entered Level 1 of the Lair of Beasts
  9057 | Lair:1   | Learned a level 1 spell: Foxfire
  9221 | Lair:1   | Noticed a spiny frog
  9235 | Lair:1   | Killed a spiny frog
  9235 | Lair:1   | Reached XP level 11. HP: 58/66 MP: 14/17
  9319 | Lair:1   | Reached skill level 9 in Maces & Flails
  9428 | Lair:1   | Reached skill level 1 in Fire Magic
 10080 | Lair:2   | Noticed a six-headed hydra
 10092 | Lair:2   | Killed a six-headed hydra
 10167 | Lair:2   | Reached skill level 5 in Spellcasting
 10346 | Lair:2   | Received a gift from Okawaru
 10528 | Lair:2   | Reached skill level 5 in Conjurations
 10603 | Lair:2   | Noticed a death yak
 10604 | Lair:2   | Noticed a death yak
 10626 | Lair:2   | Killed a death yak
 10650 | Lair:2   | Killed a death yak
 10650 | Lair:2   | Reached ***** piety under Okawaru
 10650 | Lair:2   | Reached skill level 10 in Maces & Flails
 10902 | Lair:2   | Found a staircase to the Shoals.
 11289 | Lair:2   | Reached XP level 12. HP: 65/72 MP: 14/20
 11628 | Lair:2   | Upgraded the game from 0.25.0-1-g7eea58d2a3 to
                  | 0.25.0-3-gd7cc5688da
 11893 | Lair:3   | Received a gift from Okawaru
 12096 | Lair:3   | Found a hole to the Spider Nest.
 12244 | Lair:3   | Got an ancient buckler
 12255 | Lair:3   | Identified the +3 buckler "Dusit" {rElec rN+ Int+4 Dex+2}
                  | (You found it on level 3 of the Lair of Beasts)
 12743 | Lair:4   | Reached skill level 5 in Dodging
 12963 | Lair:4   | Reached skill level 11 in Maces & Flails
 14463 | Lair:4   | Received a gift from Okawaru
 14467 | Lair:4   | Paralysed by a floating eye for 3 turns
 14475 | Lair:4   | Paralysed by a floating eye for 2 turns
 14711 | Lair:4   | Reached XP level 13. HP: 57/78 MP: 20/22
 14873 | Lair:4   | Identified a scroll of acquirement
 14874 | Lair:4   | Got the +6 plate armour of Meitt {-Cast rF+++ rC- Int+5}
 14884 | Lair:4   | Upgraded the game from 0.25.0-3-gd7cc5688da to
                  | 0.25.0-9-g26727b657a
 15383 | Lair:5   | Reached skill level 10 in Shields
 15522 | Lair:5   | Learned a level 5 spell: Fireball
 15785 | Lair:5   | Found a staircase to the Slime Pits.
 15786 | Lair:5   | Found a viscous altar of Jiyva.
 15940 | Lair:5   | Reached skill level 12 in Maces & Flails
 16207 | Lair:6   | Entered Level 6 of the Lair of Beasts
 17407 | Lair:6   | Received a gift from Okawaru
 17434 | Lair:6   | Gained mutation: Your large and strong wings let you fly
                  | indefinitely. [Gargoyle growth]
 17434 | Lair:6   | Reached XP level 14. HP: 32/84 MP: 24/24
 17436 | Lair:6   | Reached skill level 13 in Maces & Flails
 17712 | Lair:6   | Got an iridescent mace
 17713 | Lair:6   | Identified the +7 mace "Wuynim" {pain, rElec rPois rC+}
                  | (You found it on level 6 of the Lair of Beasts)
 19195 | D:9      | Found a shimmering altar of Xom.
 19768 | D:10     | Entered Level 10 of the Dungeon
 19781 | D:10     | Reached skill level 5 in Fire Magic
 20604 | D:10     | Learned a level 5 spell: Bolt of Magma
 21127 | D:11     | Found Hecyexuv's Antique Weapon Shoppe.
 21139 | D:11     | Found a glowing silver altar of Zin.
 21331 | D:11     | Found a staircase to the Orcish Mines.
 22913 | D:12     | Reached skill level 5 in Invocations
 23166 | D:12     | Reached skill level 10 in Fighting
 23456 | D:12     | Received a gift from Okawaru
 23816 | Orc:1    | Entered Level 1 of the Orcish Mines
 23891 | Orc:2    | Entered Level 2 of the Orcish Mines
 23930 | Orc:2    | Noticed Erolcha
 23947 | Orc:2    | Killed Erolcha
 23947 | Orc:2    | Reached skill level 14 in Maces & Flails
 24014 | Orc:2    | Received a gift from Okawaru
 24014 | Orc:2    | Reached XP level 15. HP: 85/92 MP: 8/25
 24039 | Orc:2    | Got a pitted scale mail {god gift}
 24052 | Orc:2    | Identified the +4 scale mail of Rotten Tender Moments {+Inv
                  | Regen+ Int+4} (Okawaru gifted it to you on level 2 of the
                  | Orcish Mines)
 24261 | Orc:2    | Gained mutation: Armour fits poorly on your strangely
                  | shaped body. [a neqoxec]
 24265 | Orc:2    | Gained mutation: Your body sometimes deteriorates upon
                  | taking damage. [a neqoxec]
 24267 | Orc:2    | Gained mutation: You expend magic power (3 MP) to
                  | strengthen your wands. [a neqoxec]
 24279 | Orc:2    | Noticed an orc warlord
 24288 | Orc:2    | Mangled by an orc knight

Illustrated notes

Levels and vault maps discovered:
D:1:      dpeg_arrival_simpleton_a, layout_basic, minmay_cupped
D:2:      layout_basic, gammafunk_temple_overflow_claw
D:3:      layout_basic, first_ration
D:4:      layout_cave_pools, ebering_ghost_reflecting_pool, uniq_pikel
D:5:      layout_basic, nicolae_ru_path_of_blood, minmay_temple_entry_mist,
          serial_shops, nicolae_shop_crystal, vehumet_altar_wand_db
D:6:      layout_gridville, okawaru_metal_pillars_1_2
D:7:      layout_cave_pools, corexii_hall_statues_x, grunt_livestock
D:8:      layout_rooms, erik_lair_dragon, serial_shops, shop, uniq_maggie
D:9:      layout_roguey, basic_altar, st_stairs_12
D:10:     layout_basic, wad_dig_loot
D:11:     layout_roguey, serial_shops, shop, basic_altar, serial_bayou_crossing
D:12:     minmay_ornate_pinched, layout_long_grid, grunt_decor_mini_mirrors
Temple:   dpeg_five_rooms_temple
Lair:1:   layout_cave_shapes
Lair:2:   layout_cave_pods, minmay_shoals_entry_hut
Lair:3:   layout_roguey, spider_nest_entry_web_field, st_stairs_7, minivault_19,
          infiniplex_staircase_pool_2
Lair:4:   layout_misc_corridors, disabler_island, lemuel_fruit_tree,
          minmay_lair_oklob_chamber
Lair:5:   layout_regular_city, slime_altar_1
Lair:6:   minmay_lair_end_enchanted_forest, layout_concentric_octagons,
          kilobyte_rumbling_trees, grunt_megastairs_5, lemuel_fruit_fields
Orc:1:    gammafunk_beogh_shrine, layout_caves, serial_shops, shop, led_sif_book
Orc:2:    grunt_orc_gardens, layout_caves, grunt_orc_garden, grunt_orc_garden,
          grunt_orc_garden, grunt_orc_garden, uniq_erolcha

Skill      XL: |  1  2  3  4  5  6  7  8  9 10 11 12 13 14 |
---------------+-------------------------------------------+-----
Armour         | 4 5 6 7 8 |  8.5
Shields        | 4 5 6 7 8 9 10 11 | 11.4
Fighting       | 4 5 6 7 8 10 | 10.1
Maces & Flails | 4 5 6 7 8 10 11 12 14 | 14.1
Dodging        | 1 2 3 4 5 6 |  6.6
Evocations     | 1 3 |  3.8
Stealth        | 1 2 3 4 |  4.5
Spellcasting   | 2 4 5 6 7 |  7.3
Conjurations   | 1 4 5 6 7 |  7.6
Invocations    | 1 2 3 4 5 |  5.1
Fire Magic     | 2 3 4 5 |  5.6

Action                   |  1- 3 |  4- 6 |  7- 9 | 10-12 | 13-15 || total
-------------------------+-------+-------+-------+-------+-------++-------
Melee: Mace              |   111 |       |       |       |   707 ||   818
       Flail             |    27 |   129 |   114 |       |       ||   270
       Whip              |       |       |   269 |   487 |       ||   756
       Eveningstar       |       |       |       |   141 |   350 ||   491
       Morningstar       |       |       |       |       |     3 ||     3
 Cast: Magic Dart        |       |       |     6 |    31 |     8 ||    45
       Foxfire           |       |       |       |   129 |   198 ||   327
       Searing Ray       |       |       |       |     2 |     3 ||     5
       Fireball          |       |       |       |       |    19 ||    19
Invok: Heroism           |       |       |     9 |    39 |    60 ||   108
       Finesse           |       |       |       |       |     1 ||     1
Evoke: Wand              |       |     7 |    16 |    59 |     1 ||    83
  Use: Scroll            |     6 |     4 |     8 |     6 |     9 ||    33
       Potion            |       |       |       |       |     4 ||     4
 Stab: Paralysed         |       |       |       |     2 |       ||     2
       Sleeping          |       |       |       |     1 |     5 ||     6
  Eat: Chunk             |     1 |     2 |    12 |    15 |    21 ||    51
       Ration            |     1 |       |     1 |     4 |     4 ||    10
Armor: Scale mail        |    81 |    79 |   150 |     8 |     9 ||   327
       Acid dragon scale |       |       |       |    83 |   361 ||   444
       Steam dragon scal |       |       |       |     3 |       ||     3
Dodge: Dodged            |    36 |    47 |   113 |   156 |   428 ||   780
Block: Kite shield       |    82 |    86 |   189 |   184 |       ||   541
       Buckler           |       |       |       |    34 |   426 ||   460
